 Seeded DCSS version 0.28-a0-1190-g77e1c55843 (webtiles) character file.

Game seed: 4018878354053487559 (custom seed)

58676 croobank the Slinger (level 14, -3/99 HPs)
             Began as a Gnoll Hunter on Dec 18, 2021.
             Was the Champion of Hepliaklqana.
             Killed by divine providence
             ... invoked by an orc priest
              (12 damage)
             ... on level 1 of the Orcish Mines.
             The game lasted 04:33:54 (26138 turns).

croobank the Slinger (Gnoll Hunter)                Turns: 26138, Time: 04:33:55

Health: -3/99      AC: 36    Str: 15    XL:     14   Next: 91%
Magic:  27/27      EV:  8    Int: 13    God:    Hepliaklqana [******]
Gold:   1292       SH:  0    Dex: 12    Spells: 20/32 levels left

rFire   . . .      SeeInvis .   a - +4 scimitar (flame)
rCold   . . .      Faith    +   (no shield)
rNeg    . . .      Spirit   .   H - +6 plate armour
rPois   .          Reflect  .   q - +0 helmet
rElec   .          Harm     .   j - +0 cloak
rCorr   .          Rampage  .   B - +2 pair of gloves
Will    +....                   y - +0 pair of boots
Stlth   ..........              G - amulet of faith
HPRegen 0.26/turn               l - +4 ring of protection
MPRegen 0.20/turn               W - +4 ring of protection

@: no status effects
A: reduced essence, fangs 1, strong nose, distributed training
a: Renounce Religion, Recall Ancestor, Ancestor Identity, Transference, Idealise


You were on level 1 of the Orcish Mines.
You worshipped Hepliaklqana.
Hepliaklqana was exalted by your worship.
You visited 4 branches of the dungeon, and saw 21 of its levels.

You collected 1292 gold pieces.

Inventory:

Hand Weapons
 a - a +4 scimitar of flaming (weapon)
 b - the +5 hunting sling "Gegyrirghiq" {speed, rPois rN+ Str+2}
   (You found it on level 4 of the Dungeon)

   Attacks with this weapon are significantly faster.
   Str:       It affects your strength (+2).
   rPois:     It protects you from poison.
   rN:        It protects you from negative energy.
 c - the +12 arbalest of the Nine Lives {elec, rPois Dex-3 Stlth+}
   (You found it on level 5 of the Dungeon)

   Any ammunition fired from it occasionally discharges a powerful burst of
   electricity upon striking a foe.
   Dex:       It affects your dexterity (-3).
   rPois:     It protects you from poison.
   Stlth:     It makes you more stealthy.
 r - the +1 trident of Woshy {flame, Fragile rElec rN++}
   (You found it on level 4 of the Lair of Beasts)

   It burns those it strikes, dealing additional fire damage.
   rElec:     It insulates you from electricity.
   rN:        It greatly protects you from negative energy.
   Fragile:   It will be destroyed if unequipped.
 C - a +7 eveningstar
 D - the +10 trident of Extinguishment {holy, Str-2 Int+4}
   (You found it on level 6 of the Lair of Beasts)

   It has been blessed by the Shining One to cause great damage to the undead
   and demons.
   Str:       It affects your strength (-2).
   Int:       It affects your intelligence (+4).
 I - a +5 short sword of protection
 O - a +0 antimagic hand axe
 T - a +2 demon trident of pain
Missiles
 d - 106 sling bullets
 e - 20 javelins
 f - 431 stones (quivered)
 h - 177 bolts
 k - 9 boomerangs
 x - 21 poisoned darts
 A - 4 throwing nets
Armour
 j - a +0 cloak (worn)
 q - a +0 helmet (worn)
 y - a +0 pair of boots (worn)
 B - a +2 pair of gloves (worn)
 H - a +6 plate armour (worn)
 M - +0 steam dragon scales
 N - the +1 robe "Vymiq" {rPois rC+ Int+2}
   (You found it on level 12 of the Dungeon)

   Int:       It affects your intelligence (+2).
   rC:        It protects you from cold.
   rPois:     It protects you from poison.
Jewellery
 l - a +4 ring of protection (left hand)
 t - a ring of wizardry
 G - an amulet of faith (around neck)
 K - a ring of magical power
 U - a ring of magical power
 V - a ring of protection from cold
 W - a +4 ring of protection (right hand)
 X - a ring of flight
 Z - a ring of magical power
Wands
 g - a wand of flame (14)
 w - a wand of digging (2)
 P - a wand of iceblast (6)
 Q - a wand of paralysis (17)
 R - a wand of charming (11)
Scrolls
 i - a scroll of summoning
 m - 5 scrolls of teleportation {teleport}
 v - a scroll of silence
 E - 3 scrolls of amnesia {amnesia}
 Y - a scroll of identify
Potions
 n - 3 potions of mutation {mutation, unknown}
 o - 2 potions of lignification
 p - 5 potions of brilliance {brilliance, unknown}
 s - 2 potions of ambrosia
 u - 3 potions of flight
 z - a potion of cancellation
 F - 8 potions of curing
 J - 2 potions of heal wounds


   Skills:
 + Level 10.7 Fighting
 + Level 9.6 Short Blades
 + Level 9.6 Long Blades
 + Level 9.6 Axes
 + Level 9.6 Maces & Flails
 + Level 9.6 Polearms
 + Level 9.6 Staves
 + Level 12.7 Slings
 + Level 9.6 Bows
 + Level 9.6 Crossbows
 + Level 9.6 Throwing
 + Level 9.6 Armour
 + Level 10.7 Dodging
 + Level 9.9 Stealth
 + Level 9.6 Shields
 + Level 9.6 Unarmed Combat
 + Level 9.6 Spellcasting
 + Level 8.0 Conjurations
 + Level 8.0 Hexes
 + Level 8.0 Summonings
 + Level 8.0 Necromancy
 + Level 8.0 Translocations
 + Level 8.0 Transmutations
 + Level 8.0 Fire Magic
 + Level 8.0 Ice Magic
 + Level 8.0 Air Magic
 + Level 8.0 Earth Magic
 + Level 8.0 Poison Magic
 + Level 10.5 Invocations
 + Level 9.6 Evocations


You had 20 spell levels left.
You knew the following spells:

 Your Spells              Type           Power      Damage    Failure   Level
a - Slow                  Hex            100%       N/A       17%         1
b - Blink                 Tloc           54%        N/A       26%         2
c - Sting                 Tmut/Pois      100%       1d8       17%         1
d - Confusing Touch       Hex            27%        N/A       45%         3
e - Manifold Assault      Tloc           27%        N/A       99%         5

Your spell library contained the following spells:

 Spells                   Type           Power      Damage    Failure   Level
 Magic Dart               Conj           100%       1d8       17%         1
 Call Imp                 Summ           27%        N/A       26%         2
 Poisonous Vapours        Pois/Air       54%        N/A       26%         2
 Searing Ray              Conj           54%        2d6       26%         2
 Inner Flame              Hex/Fire       27%        N/A       45%         3
 Mephitic Cloud           Conj/Pois/Air  27%        N/A       45%         3
 Stone Arrow              Conj/Erth      54%        3d10      45%         3
 Vampiric Draining        Necr           27%        2d7       45%         3
 Animate Armour           Summ/Erth      54%        N/A       86%         4
 Cause Fear               Hex            13%        N/A       86%         4
 Hailstorm                Conj/Ice       27%        3d7       86%         4
 Ice Form                 Ice/Tmut       27%        N/A       86%         4
 Olgreb's Toxic Radiance  Pois           27%        N/A       86%         4
 Sticky Flame             Conj/Fire      27%        2d5       86%         4
 Alistair's Intoxication  Tmut/Pois      18%        N/A       99%         5
 Borgnjor's Vile Clutch   Necr/Erth      13%        N/A       99%         5
 Freezing Cloud           Conj/Ice/Air   13%        6-21      99%         5
 Silence                  Hex/Air        13%        N/A       99%         5
 Summon Forest            Summ/Tloc      13%        N/A       99%         5
 Summon Mana Viper        Hex/Summ       27%        N/A       99%         5
 Eringya's Noxious Bog    Tmut/Pois      13%        N/A       100%        6
 Simulacrum               Ice/Necr       13%        N/A       100%        6
 Summon Cactus Giant      Summ           13%        N/A       100%        6
 Storm Form               Tmut/Air       13%        N/A       100%        7
 Discord                  Hex            13%        N/A       100%        8
 Lehudib's Crystal Spear  Conj/Erth      13%        10d5      100%        8


Dungeon Overview and Level Annotations

Branches:
Dungeon (12/15)            Temple (1/1) D:4            Lair (6/6) D:11
 Shoals (0/4) Lair:3        Snake (0/4) Lair:4        Slime (0/5) Lair:5
    Orc (2/2) D:9
    Elf: Orc:2

Altars:
Dithmenos
Fedhas
Gozag
Hepliaklqana
Kikubaaqudgha
Nemelex Xobeh
Okawaru
Qazlal
Ru
Uskayaw
Wu Jian
Xom
Yredelemnul
Zin
Beogh

Shops:
D:2 (   Orc:2 ?

Portals:
Trove: D:11 (give +3 shadow dragon scales)

Annotations:
Lair:1 exclusion: 2 oklob plants
Lair:6 2 runed translucent doors


Innate Abilities, Weirdness & Mutations

Your life essence is reduced to manifest your ancestor. (-10% HP)
You have very sharp teeth.
Your uncanny sense of smell can sniff out nearby items.
Your experience applies equally to all skills.


Message History

The orc wizard goes into a battle-frenzy!
The orc warrior hits Arthur Cleveland with a +0 halberd!
Arthur Cleveland casts a spell at the orc wizard.
The stone arrow hits the orc wizard!
The orc warrior throws a boomerang.
The boomerang hits Arthur Cleveland.
Something completely misses Arthur Cleveland.
The orc wizard mumbles some strange words.
The orc wizard flickers and vanishes!
You see here 2 bolts.
Your surroundings suddenly seem different.
A warg and 7 orcs come into view.
An orc warrior is wielding a +0 mace and wearing a +1 plate armour of fire resistance.
Found 27 gold pieces.
Found a stone staircase leading up.
The orc high priest shouts!
The orc warrior shouts!
The orc priest shouts!
The orc shouts! x2
The orc high priest mumbles some strange prayers to Beogh against you.
Beogh smites you!
* * * LOW HITPOINT WARNING * * *
The orc warrior hits you but does no damage.
Blink to where?
Press: ? - help, Dir - move target
As you read the scroll of blinking, it crumbles to dust.
The orc high priest mumbles some strange prayers to Beogh.
You climb upwards.
The orc warrior shouts!
The orc wizard shouts!
The orc shouts!
The ettin shouts in stereo!
Reactivating autopickup.
You hear a shout! x2
The orc wizard points at you and mumbles some strange words.
You resist with almost no effort.
The orc warrior throws a boomerang.
The boomerang barely misses you.
An orc comes into view. It is wielding a +0 club.
An orc priest comes into view. It is wielding a +0 flail.
The orc barely misses you.
Found 64 gold pieces.
There is a stone staircase leading down here.
The orc warrior throws a boomerang.
The boomerang completely misses you.
The orc priest invokes the aid of Beogh against you.
Beogh smites you!
You die...

####### ..#...#
## ....... ##.#
.......
#...#.......
#.#........ #
##..........
...#...@.......
..#............
#oo..oo..C....
..#..........$.
.....o.o.....$#
.#..T...$..#.##
.oo...........#
...............
...............


You could see an ettin, a troll, 2 orc warriors, an orc priest, 2 orc wizards
and 3 orcs.

Vanquished Creatures
  An orc warlord (Orc:2)
  5 hydras
  A boulder beetle (Lair:4)
  3 two-headed ogres
  Erica (D:8)
  2 death yaks (Lair:2)
  Sonja (Lair:6)
  An orc knight (Orc:2)
  Pikel (D:5)
  2 orc sorcerers (Orc:2)
  A merfolk siren (Lair:3)
  Maurice (D:9)
  5 black mambas
  7 elephants (Lair:4)
  2 cane toads (Lair:6)
  A molten gargoyle (Lair:6)
  2 rime drakes
  7 komodo dragons
  2 polar bears
  5 trolls
  A hornet (D:9)
  2 dream sheep (Lair:6)
  10 blink frogs
  A vampire (D:10)
  A wraith (D:11)
  4 wyverns
  5 basilisks
  4 steam dragons
  32 yaks
  Grum (D:8)
  2 nagas (Lair:4)
  A warg (Orc:1)
  6 water moccasins
  3 hell hounds (Lair:6)
  Duvessa (D:7)
  11 orc warriors
  5 black bears
  An ice beast (D:4)
  A sky beast (D:5)
  A necrophage (D:6)
  6 ogres
  10 wolves
  4 centaurs
  A phantom (D:7)
  A kobold brigand (D:9)
  18 bullfrogs
  A gnoll sergeant (D:5)
  2 scorpions
  Dowan (D:7)
  21 killer bees
  4 howler monkeys
  5 centaur zombies
  A crimson imp (Orc:2)
  4 jellies (Lair:5)
  5 lava snakes (Lair:6)
  3 hounds
  A bullfrog skeleton (D:7)
  6 orc priests
  4 centaur skeletons
  An iron imp (Orc:2)
  6 iguanas
  A gnoll shaman (D:7)
  Terence (D:2)
  Natasha (D:3)
  12 orc wizards
  A hound skeleton (D:5)
  A howler monkey zombie (D:8)
  Robin (D:2)
  7 gnolls
  7 adders
  2 shadow imps
  A white imp (Orc:2)
  An ufetubus (D:4)
  A worm (D:5)
  37 orcs
  5 endoplasms
  3 giant cockroaches
  11 goblins
  3 hobgoblins
  11 kobolds
  6 quokkas
  2 ball pythons
  6 bats
  3 frilled lizards (D:11)
  3 rats (D:1)
376 creatures vanquished.

Vanquished Creatures (collateral kills)
  An orc warlord (Orc:2)
  A dire elephant (Lair:4)
  The ghost of Wadghoppo the Archer, a journeyman MiHu of Okawaru (Lair:4)
  4 hydras
  Harold (D:7)
  A death yak (Lair:2)
  An orc high priest (Orc:2)
  Nergalle (Lair:1)
  Urug (Lair:6)
  A lindwurm (Lair:6)
  An orc knight (Orc:2)
  2 deep elf pyromancers (Orc:2)
  A black mamba (Lair:2)
  2 molten gargoyles (Lair:6)
  2 elephants (Lair:4)
  9 cane toads
  5 komodo dragons
  A troll (Orc:1)
  2 dream sheep (Lair:6)
  11 blink frogs
  10 yaks
  4 basilisks
  A naga (Lair:4)
  A warg (Orc:2)
  2 hell hounds (Lair:6)
  4 orc warriors
  8 water moccasins
  A swamp drake (Orc:2)
  3 orc priests (Orc:2)
  3 orc wizards (Orc:2)
  6 orcs
  A frilled lizard (D:11)
93 creatures vanquished.

Vanquished Creatures (others)
  4 ancestors
  10 battlemagi
  An orc (Orc:2)
  20 fungi
  48 plants
83 creatures vanquished.

Grand Total: 552 creatures vanquished

Notes
Turn   | Place    | Note
-------+----------+-------------------------------------------
     0 | D:1      | croobank the Gnoll Hunter began the quest for the Orb.
     0 | D:1      | Reached XP level 1. HP: 20/20 MP: 1/1
   354 | D:1      | Reached XP level 2. HP: 26/26 MP: 2/2
   999 | D:2      | Reached XP level 3. HP: 26/31 MP: 3/3
  1157 | D:2      | Found a faded altar of an unknown god.
  1192 | D:2      | Found Ungyky's Weapon Shop.
  1498 | D:2      | Noticed Terence
  1522 | D:2      | Reached skill level 1 in Invocations
  1540 | D:2      | Killed Terence
  1541 | D:2      | Reached skill level 1 in Short Blades
  1541 | D:2      | Reached skill level 1 in Long Blades
  1541 | D:2      | Reached skill level 1 in Axes
  1541 | D:2      | Reached skill level 1 in Maces & Flails
  1541 | D:2      | Reached skill level 1 in Polearms
  1541 | D:2      | Reached skill level 1 in Staves
  1541 | D:2      | Reached skill level 1 in Bows
  1541 | D:2      | Reached skill level 1 in Crossbows
  1541 | D:2      | Reached skill level 1 in Throwing
  1541 | D:2      | Reached skill level 1 in Armour
  1541 | D:2      | Reached skill level 1 in Shields
  1541 | D:2      | Reached skill level 1 in Unarmed Combat
  1541 | D:2      | Reached skill level 1 in Spellcasting
  1541 | D:2      | Reached skill level 1 in Evocations
  1541 | D:2      | Reached XP level 4. HP: 13/38 MP: 5/5
  1749 | D:2      | Noticed Robin
  1769 | D:2      | Killed Robin
  2186 | D:3      | Reached skill level 1 in Conjurations
  2186 | D:3      | Reached skill level 1 in Hexes
  2186 | D:3      | Reached skill level 1 in Summonings
  2186 | D:3      | Reached skill level 1 in Necromancy
  2186 | D:3      | Reached skill level 1 in Translocations
  2186 | D:3      | Reached skill level 1 in Transmutations
  2186 | D:3      | Reached skill level 1 in Fire Magic
  2186 | D:3      | Reached skill level 1 in Ice Magic
  2186 | D:3      | Reached skill level 1 in Air Magic
  2186 | D:3      | Reached skill level 1 in Earth Magic
  2186 | D:3      | Reached skill level 1 in Poison Magic
  2746 | D:3      | Noticed Natasha
  2762 | D:3      | Killed Natasha
  2763 | D:3      | Reached XP level 5. HP: 43/43 MP: 5/7
  2856 | D:4      | Learned a level 1 spell: Slow
  2859 | D:4      | Learned a level 2 spell: Blink
  2861 | D:4      | Learned a level 1 spell: Sting
  2943 | D:4      | Noticed an orc warrior
  3222 | D:4      | Identified the +5 hunting sling "Gegyrirghiq" {speed, rPois
                  | rN+ Str+2}
  3248 | D:4      | Found a staircase to the Ecumenical Temple.
  3249 | D:4      | Noticed an ice beast
  3255 | D:4      | Killed an ice beast
  3256 | D:4      | Reached XP level 6. HP: 50/50 MP: 8/8
  3305 | D:5      | Entered Level 5 of the Dungeon
  3328 | D:5      | Reached skill level 5 in Fighting
  3328 | D:5      | Reached skill level 5 in Dodging
  3448 | D:4      | Noticed an orc warrior
  3479 | D:4      | Killed an orc warrior
  3829 | D:5      | Reached XP level 7. HP: 56/56 MP: 10/10
  3991 | D:6      | Noticed Pikel
  4015 | D:5      | Killed Pikel
  4016 | D:5      | Reached skill level 9 in Slings
  4016 | D:5      | Reached XP level 8. HP: 32/63 MP: 10/12
  4695 | D:5      | Identified the +12 arbalest of the Nine Lives {elec, rPois
                  | Dex-3 Stlth+}
  5347 | D:6      | Reached XP level 9. HP: 67/69 MP: 14/14
  6184 | D:7      | Noticed a troll
  6558 | D:7      | Noticed Harold
  6573 | D:7      | Killed Harold
  6574 | D:7      | Reached skill level 5 in Stealth
  6624 | D:7      | Killed a troll
  6625 | D:7      | Reached skill level 5 in Invocations
  7223 | D:7      | Learned a level 3 spell: Confusing Touch
  7270 | D:7      | Reached XP level 10. HP: 21/77 MP: 17/17
  7743 | D:7      | Noticed Duvessa
  7746 | D:7      | Killed Duvessa
  7747 | D:7      | Noticed Dowan
  7774 | D:7      | Reached skill level 5 in Short Blades
  7774 | D:7      | Reached skill level 5 in Long Blades
  7774 | D:7      | Reached skill level 5 in Axes
  7774 | D:7      | Reached skill level 5 in Maces & Flails
  7774 | D:7      | Reached skill level 5 in Polearms
  7774 | D:7      | Reached skill level 5 in Staves
  7774 | D:7      | Reached skill level 5 in Bows
  7774 | D:7      | Reached skill level 5 in Crossbows
  7774 | D:7      | Reached skill level 5 in Throwing
  7774 | D:7      | Reached skill level 5 in Armour
  7774 | D:7      | Reached skill level 5 in Shields
  7774 | D:7      | Reached skill level 5 in Unarmed Combat
  7774 | D:7      | Reached skill level 5 in Spellcasting
  7774 | D:7      | Reached skill level 5 in Evocations
  7779 | D:7      | Killed Dowan
  8343 | D:7      | Reached skill level 10 in Slings
  8696 | D:8      | Noticed Erica
  9575 | D:8      | Noticed Grum
  9582 | D:8      | Killed Grum
  9852 | D:8      | Killed Erica
 10056 | D:9      | Found a staircase to the Orcish Mines.
 10480 | D:9      | Noticed a two-headed ogre
 10480 | D:9      | Noticed Maurice
 10833 | D:8      | Killed a two-headed ogre
 10834 | D:8      | Reached XP level 11. HP: 65/84 MP: 17/19
 10954 | D:9      | Killed Maurice
 11136 | D:10     | Entered Level 10 of the Dungeon
 11302 | D:9      | Reached skill level 5 in Conjurations
 11302 | D:9      | Reached skill level 5 in Hexes
 11302 | D:9      | Reached skill level 5 in Summonings
 11302 | D:9      | Reached skill level 5 in Necromancy
 11302 | D:9      | Reached skill level 5 in Translocations
 11302 | D:9      | Reached skill level 5 in Transmutations
 11302 | D:9      | Reached skill level 5 in Fire Magic
 11302 | D:9      | Reached skill level 5 in Ice Magic
 11302 | D:9      | Reached skill level 5 in Air Magic
 11302 | D:9      | Reached skill level 5 in Earth Magic
 11302 | D:9      | Reached skill level 5 in Poison Magic
 11934 | D:10     | Found a basalt altar of Yredelemnul.
 11934 | D:10     | Found an iron altar of Okawaru.
 11935 | D:10     | Found a sacrificial altar of Ru.
 11954 | D:10     | Found an ancient bone altar of Kikubaaqudgha.
 12098 | D:10     | Noticed a six-headed hydra
 12112 | D:10     | Killed a six-headed hydra
 12252 | D:10     | Noticed a two-headed ogre
 12267 | D:10     | Killed a two-headed ogre
 12416 | Temple   | Entered the Ecumenical Temple
 12448 | Temple   | Became a worshipper of Hepliaklqana the Forgotten
 12980 | D:11     | Noticed a two-headed ogre
 12997 | D:11     | Killed a two-headed ogre
 13347 | D:11     | Found a portal to a secret trove of treasure.
 13450 | D:10     | Identified a scroll of acquirement
 13456 | D:10     | Learned a level 5 spell: Manifold Assault
 14336 | D:12     | Identified the +1 robe "Vymiq" {rPois rC+ Int+2}
 14459 | D:11     | Reached XP level 12. HP: 84/94 MP: 22/22
 14482 | D:11     | Reached * piety under Hepliaklqana
 14484 | D:11     | Found a staircase to the Lair.
 14933 | Lair:1   | Entered Level 1 of the Lair of Beasts
 14940 | D:11     | Reached skill level 11 in Slings
 16333 | Lair:1   | Reached ** piety under Hepliaklqana
 16334 | Lair:1   | Remembered your ancestor Arthur Cleveland as a battlemage
 16422 | Lair:1   | Noticed Nergalle
 16440 | Lair:1   | Killed Nergalle
 16508 | Lair:1   | Noticed an eight-headed hydra
 16519 | Lair:1   | Killed a seven-headed hydra
 16662 | Lair:1   | Found a blossoming altar of Fedhas.
 16967 | Orc:1    | Entered Level 1 of the Orcish Mines
 17132 | Orc:2    | Entered Level 2 of the Orcish Mines
 17172 | Orc:2    | Noticed an orc warlord
 17608 | Lair:2   | Noticed a death yak
 17624 | Lair:2   | Killed a death yak
 17629 | Lair:2   | Noticed a death yak
 17647 | Lair:2   | Killed a death yak
 17762 | Lair:2   | Noticed a death yak
 17779 | Lair:2   | Killed a death yak
 17911 | Lair:2   | Reached XP level 13. HP: 90/90 MP: 24/24
 18001 | Lair:2   | Identified the +0 leather armour "Keque" {Str+2}
 18061 | Lair:2   | Reached *** piety under Hepliaklqana
 19042 | Lair:3   | Found a gate leading to a gauntlet.
 19088 | Lair:3   | Found a staircase to the Shoals.
 19265 | Lair:3   | Reached **** piety under Hepliaklqana
 19600 | Lair:4   | Found a staircase to the Snake Pit.
 20007 | Lair:4   | Found a runed translucent door.
 20018 | Lair:4   | Noticed Wadghoppo's ghost (journeyman MiHu)
 20097 | Lair:4   | Killed Wadghoppo's ghost
 20282 | Lair:4   | Reached skill level 12 in Slings
 20650 | Lair:4   | Noticed a dire elephant
 20654 | Lair:4   | Identified the +1 trident of Woshy {flame, Fragile rElec
                  | rN++}
 20666 | Lair:4   | Reached ***** piety under Hepliaklqana
 21010 | Lair:4   | Killed a dire elephant
 21295 | Lair:5   | Reached skill level 10 in Fighting
 21295 | Lair:5   | Reached skill level 10 in Dodging
 21295 | Lair:5   | Reached XP level 14. HP: 81/99 MP: 26/26
 21648 | Lair:5   | Found a staircase to the Slime Pits.
 22418 | Lair:6   | Entered Level 6 of the Lair of Beasts
 22434 | Lair:6   | Noticed Urug
 22438 | Lair:6   | Killed Urug
 22480 | Lair:6   | Identified the +10 trident of Extinguishment {holy, Str-2
                  | Int+4}
 22611 | Lair:6   | Noticed Sonja
 22612 | Lair:6   | Acquired the Handbook of Entrancing Confrontation
 22622 | Lair:6   | Killed Sonja
 22886 | Lair:6   | Reached skill level 10 in Invocations
 23635 | Lair:6   | Found a large runed translucent door.
 23636 | Lair:6   | Found a large runed translucent door.
 24838 | Orc:2    | Killed an orc warlord
 25129 | Orc:2    | Found Tuog's Magic Scroll Boutique.
 25138 | Orc:2    | Reached ****** piety under Hepliaklqana
 25242 | Orc:2    | Noticed an orc warlord
 25293 | Orc:2    | Killed an orc warlord
 26138 | Orc:1    | Killed from afar by an orc priest

Illustrated notes

Levels and vault maps discovered:
D:1:      psy_arrival_conway, layout_rooms
D:2:      layout_loops_cross, dreamdust_ecumenical_altar_statues, serial_shops,
          shop, corexii_corridor_pit, uniq_robin, uniq_terence
D:3:      layout_loops_ring, roderic_serpentine_path, uniq_natasha
D:4:      layout_loops_ring, minmay_temple_entry_hall, kennysheep_generic_room_5
D:5:      layout_basic, serial_curves, eino_curves_04, eino_curves_03,
          lightli_minifort
D:6:      layout_loops_ring, enter_ossuary_5, chequers_hall_statues_wall_a,
          lightli_corner_chamber, uniq_pikel
D:7:      layout_loops_corners, uniq_duvessa, uniq_harold
D:8:      layout_loops_ring, uniq_erica, uniq_grum
D:9:      minmay_evil_eye, layout_gridville, minmay_orc_entry_temple_small,
          serial_park_tiny_pond, uniq_maurice
D:10:     layout_loops_ring, nicolae_overflow_quartered_altars
D:11:     layout_loops_cross, grunt_lair_entry_orc_guard_hut,
          nicolae_trove_entry_isolated, minmay_lizard_king
D:12:     layout_layer_cave, serial_shops, shop, uniq_gastronok, uniq_snorg
Temple:   regret_index_temple_mists
Lair:1:   layout_small_grid, hangedman_tree_tricks, beast_lair_carwin_2,
          uniq_nergalle
Lair:2:   layout_cave_pods, wad_woods_river_03, lemuel_fruit_fields,
          grunt_megastairs_2
Lair:3:   layout_misc_corridors, elwin_shoals_entry_rooms,
          gauntlet_entry_generic
Lair:4:   beast_lair_carwin_large_3, layout_regular_city,
          guppyfry_snake_entry_garden, ebering_ghost_reflecting_pool
Lair:5:   layout_regular_city, nicolae_slime_entry_slimehenge,
          grunt_megastairs_1
Lair:6:   cheibrodos_lair_end_hotspot, layout_cave_pods, uniq_sonja, uniq_urug
Orc:1:    layout_caves
Orc:2:    grunt_orc_cross, layout_caves, basic_altar, serial_shops,
          nicolae_diamond_shop, hangedman_minor_magic

Skill      XL: |  1  2  3  4  5  6  7  8  9 10 11 12 13 14 |
---------------+-------------------------------------------+-----
Invocations    | 1 2 3 4 5 6 7 8 9 10 | 10.5
Short Blades   | 1 2 3 4 5 6 7 8 9 |  9.6
Long Blades    | 1 2 3 4 5 6 7 8 9 |  9.6
Axes           | 1 2 3 4 5 6 7 8 9 |  9.6
Maces & Flails | 1 2 3 4 5 6 7 8 9 |  9.6
Polearms       | 1 2 3 4 5 6 7 8 9 |  9.6
Staves         | 1 2 3 4 5 6 7 8 9 |  9.6
Bows           | 1 2 3 4 5 6 7 8 9 |  9.6
Crossbows      | 1 2 3 4 5 6 7 8 9 |  9.6
Throwing       | 1 2 3 4 5 6 7 8 9 |  9.6
Armour         | 1 2 3 4 5 6 7 8 9 |  9.6
Shields        | 1 2 3 4 5 6 7 8 9 |  9.6
Unarmed Combat | 1 2 3 4 5 6 7 8 9 |  9.6
Spellcasting   | 1 2 3 4 5 6 7 8 9 |  9.6
Evocations     | 1 2 3 4 5 6 7 8 9 |  9.6
Conjurations   | 1 2 3 4 5 6 7 8 |  8.0
Hexes          | 1 2 3 4 5 6 7 8 |  8.0
Summonings     | 1 2 3 4 5 6 7 8 |  8.0
Necromancy     | 1 2 3 4 5 6 7 8 |  8.0
Translocations | 1 2 3 4 5 6 7 8 |  8.0
Transmutations | 1 2 3 4 5 6 7 8 |  8.0
Fire Magic     | 1 2 3 4 5 6 7 8 |  8.0
Ice Magic      | 1 2 3 4 5 6 7 8 |  8.0
Air Magic      | 1 2 3 4 5 6 7 8 |  8.0
Earth Magic    | 1 2 3 4 5 6 7 8 |  8.0
Poison Magic   | 1 2 3 4 5 6 7 8 |  8.0
Stealth        | 3 4 5 6 7 8 9 |  9.9
Fighting       | 5 6 7 8 9 10 | 10.7
Dodging        | 5 6 7 8 9 10 | 10.7
Slings         | 9 10 11 12 | 12.7

Action                   |  1- 3 |  4- 6 |  7- 9 | 10-12 | 13-15 || total
-------------------------+-------+-------+-------+-------+-------++-------
Melee: Short sword       |    18 |       |       |       |       ||    18
       Bite              |     5 |     4 |    36 |    58 |    37 ||   140
       Whip              |    69 |    85 |   260 |   118 |       ||   532
       Punch             |       |     1 |     5 |    17 |    15 ||    38
       Scimitar          |       |       |       |   358 |   412 ||   770
       Hunting sling     |       |       |       |     3 |       ||     3
       Demon trident     |       |       |       |     8 |    13 ||    21
 Fire: Hunting sling     |     4 |    39 |    73 |   401 |   192 ||   709
       Arbalest          |       |       |       |    27 |    48 ||    75
Throw: Stone             |       |       |     2 |     4 |       ||     6
 Cast: Slow              |       |       |     5 |       |     3 ||     8
       Sting             |       |       |     1 |     4 |       ||     5
       Confusing Touch   |       |       |     1 |     3 |       ||     4
Invok: Ancestor Identity |       |       |       |     2 |     1 ||     3
       Ancestor Life: Ba |       |       |       |     1 |       ||     1
       Idealise          |       |       |       |       |     1 ||     1
Evoke: Wand              |       |       |       |    15 |     1 ||    16
  Use: Scroll            |       |     1 |     9 |    18 |    13 ||    41
       Potion            |       |       |     3 |     8 |     9 ||    20
 Stab: Sleeping          |     7 |     1 |       |       |       ||     8
       Distracted        |       |       |       |     3 |    10 ||    13
Armor: Leather armour    |    24 |    35 |       |       |       ||    59
       Ring mail         |       |     7 |   146 |   183 |       ||   336
       Skin              |       |       |       |    15 |       ||    15
       Plate armour      |       |       |       |   178 |   307 ||   485
Dodge: Dodged            |    60 |    78 |   181 |   335 |   153 ||   807

Table legend: (Time is in decaauts)
 A = Elapsed time spent in this place.
 B = Non-inter-level travel time spent in this place.
 C = Inter-level travel time spent in this place.
 D = Time resting spent in this place.
 E = Time spent auto-exploring this place.
 F = Levels seen in this place.
 G = Mean time per level.
                   A        B        C        D        E       F      G
               +--------+--------+--------+--------+--------+-----+--------+
         Total |  25717 |  24104 |   1613 |   7372 |   8906 |  21 | 1224.6 |
       Dungeon |  15557 |  14352 |   1205 |   4729 |   5030 |  12 | 1296.4 |
        Temple |     62 |     43 |     19 |      0 |     23 |   1 |   62.0 |
          Lair |   8133 |   7763 |    370 |   1581 |   3595 |   6 | 1355.5 |
  Orcish Mines |   1963 |   1945 |     18 |   1062 |    257 |   2 |  981.5 |
               +--------+--------+--------+--------+--------+-----+--------+

Top non-repeatable levels by time:
     D:7: 2760 daAuts
    D:11: 2411 daAuts
  Lair:6: 2008 daAuts
     D:8: 1760 daAuts
  Lair:4: 1688 daAuts
  Lair:1: 1328 daAuts
     D:6: 1319 daAuts
   Orc:2: 1313 daAuts
     D:9: 1250 daAuts
     D:2: 1220 daAuts
     D:5: 1175 daAuts
  Lair:5: 1155 daAuts
  Lair:2: 1148 daAuts
    D:10: 982 daAuts
     D:1: 965 daAuts
